 Dungeon Crawl Stone Soup version 0.30-a0-140-gd1020e658a (webtiles) character file.

Game seed: 7718135115350090401

505 Decritt the Shooter (level 6, -1/33 HPs)
             Began as a Spriggan Hunter on Sept 24, 2022.
             Was an Initiate of Fedhas.
             Slain by an ogre
             ... wielding a +0 giant spiked club
              (34 damage)
             ... on level 4 of the Dungeon.
             The game lasted 00:10:41 (5825 turns).

Decritt the Shooter (Spriggan Hunter)               Turns: 5825, Time: 00:10:42

Health: -1/33      AC:  3    Str:  7    XL:     6   Next: 96%
Magic:  7/7        EV: 20    Int: 10    God:    Fedhas [......]
Gold:   140        SH:  0    Dex: 21    Spells: 5/5 levels left

rFire   . . .      SeeInvis +    a - +1 shortbow
rCold   . . .      Faith    .    (shield currently unavailable)
rNeg    . . .      Spirit   .    c - +0 robe
rPois   .          Reflect  .    (helmet restricted)
rElec   .          Harm     .    p - +0 cloak
rCorr   .          Rampage  .    (gloves unavailable)
Will    +....                    (boots unavailable)
Stlth   +++.......               (no amulet)
HPRegen 0.11/turn                (no ring)
MPRegen 0.10/turn                (no ring)

@: very quick
A: very small, no large weapons, unfitting armour, see invisible, speed 3
a: Renounce Religion


You were on level 4 of the Dungeon.
You worshipped Fedhas.
Fedhas was noncommittal.
You visited 1 branch of the dungeon, and saw 4 of its levels.

You collected 140 gold pieces.

Inventory:

Hand Weapons
 a - a +1 shortbow (weapon)
 q - a +3 quarterstaff of chaos
Armour
 c - a +0 robe (worn)
 g - a +0 cloak
 p - a +0 cloak (worn)
Jewellery
 d - a ring of wizardry
Wands
 n - a wand of flame (18)
Scrolls
 b - 2 scrolls of immolation
 h - a scroll of fear
 j - a scroll of noise {unknown}
Potions
 e - a potion of haste {unknown}
 f - 2 potions of mutation
 i - a potion of might
 k - a potion of curing {unknown}
 l - a potion of resistance {unknown}
 m - a potion of attraction {unknown}
 o - a potion of ambrosia


   Skills:
 * Level 3.8 Fighting
 * Level 5.9 Ranged Weapons
 + Level 4.6 Dodging
 + Level 4.6 Stealth


You had 5 spell levels left.
You didn't know any spells.
Your spell library contained the following spells:

 Spells                   Type           Power      Damage    Failure   Level
 Gell's Gravitas          Tloc           0%         N/A       75%         3
 Teleport Other           Tloc           0%         N/A       75%         3
 Dispersal                Tloc           0%         N/A       100%        6


Dungeon Overview and Level Annotations

Branches:
Dungeon (4/15)
 Temple: D:4-7

Altars:
Fedhas
Xom

Shops:
D:3 :


Innate Abilities, Weirdness & Mutations

You are very small and have problems with some larger weapons.
You are too small for most types of armour.
You have supernaturally acute eyesight. (SInv)
You cover ground extremely quickly. (Speed+++)


Message History

The arrow hits the kobold.
You kill the kobold!
Fedhas appreciates your contribution to the ecosystem.
You shoot an arrow. The arrow hits the jackal!
You kill the jackal!
Fedhas appreciates your contribution to the ecosystem.
You shoot an arrow. The arrow hits the jackal!
You kill the jackal!
Fedhas appreciates your contribution to the ecosystem.
No target in view!
You now have 140 gold pieces (gained 8).
Things that are here:
a +0 short sword; 2 stones
Found 8 stones.
An ogre comes into view. It is wielding a +0 giant spiked club.
Found a glaive.
Found a pair of runed gloves.
You shoot an arrow. The arrow hits the ogre.
The ogre shouts!
The ogre is lightly wounded.
You shoot an arrow. The arrow hits the ogre!
The ogre is heavily wounded.
You shoot an arrow. The arrow barely misses the ogre.
You shoot an arrow. The arrow barely misses the ogre.
You hear a shout!
You shoot an arrow. The arrow hits the ogre.
The ogre is heavily wounded.
A goblin comes into view. It is wielding a +0 short sword.
You shoot an arrow. The arrow hits the ogre.
The ogre is heavily wounded.
The ogre barely misses you. The goblin completely misses you.
You shoot an arrow. The arrow hits the goblin!
You kill the goblin!
Fedhas appreciates your contribution to the ecosystem.
You shoot an arrow. The arrow barely misses the ogre.
The ogre hits you with a +0 giant spiked club!!
Ouch! That really hurt!
You die...
Fedhas appreciates your contribution to the ecosystem.

.. .. .# ..#
##.# ...# ##..#
...# ##..#####
###..###...(...#
#.....#)..####.#
#....O.#
#....@.#
#......#
#..)...#
#......#
#......#
###..### ##...#
###.#####
#.....#


You could see an ogre.

Vanquished Creatures
  Sigmund (D:3)
  An orc priest (D:3)
  Crazy Yiuf (D:3)
  2 iguanas
  An orc wizard (D:3)
  Robin (D:2)
  3 gnolls (D:3)
  4 adders
  A shadow imp (D:3)
  A worm (D:3)
  3 dart slugs
  9 orcs
  5 ball pythons
  5 endoplasms
  A giant cockroach (D:2)
  21 goblins
  15 hobgoblins
  9 jackals
  5 quokkas (D:1)
  4 bats
  A frilled lizard (D:1)
  5 kobolds
  7 rats
106 creatures vanquished.

Vanquished Creatures (others)
  A plant (D:3)
1 creature vanquished.

Grand Total: 107 creatures vanquished

Notes
Turn   | Place    | Note
-------+----------+-------------------------------------------
     0 | D:1      | Decritt the Spriggan Hunter began the quest for the Orb.
     0 | D:1      | Reached XP level 1. HP: 10/10 MP: 2/2
   267 | D:1      | Reached XP level 2. HP: 15/15 MP: 3/3
   884 | D:1      | Reached XP level 3. HP: 18/18 MP: 4/4
   945 | D:1      | Found a faded altar of an unknown god.
   961 | D:1      | Found a faded altar of an unknown god.
  1797 | D:2      | Identified the +6 chain mail "Rytopiv" {Will+}
  2362 | D:3      | Noticed Sigmund
  2384 | D:3      | Killed Sigmund
  2385 | D:3      | Reached skill level 5 in Ranged Weapons
  2385 | D:3      | Reached XP level 4. HP: 13/24 MP: 5/5
  2385 | D:3      | Reached XP level 5. HP: 16/28 MP: 6/6
  3211 | D:3      | Reached XP level 6. HP: 32/32 MP: 7/7
  3337 | D:3      | Noticed Robin
  3365 | D:2      | Killed Robin
  3882 | D:3      | Found a blossoming altar of Fedhas.
  3902 | D:3      | Became a worshipper of Fedhas Madash
  4255 | D:3      | Found File's Book Emporium.
  4357 | D:3      | Found a shimmering altar of Xom.
  4391 | D:3      | Found a runed translucent door.
  4392 | D:3      | Noticed Crazy Yiuf
  4611 | D:3      | Killed Crazy Yiuf
  5825 | D:4      | Slain by an ogre

Illustrated notes

Levels and vault maps discovered:
D:1:      wander_arrival_peaceful_grave, layout_loops_ring,
          hellmonk_ecumenical_altar_the_god_not_taken
D:2:      layout_loops_ring, minmay_goblin_outpost
D:3:      layout_basic, mainiacjoe_overflow_alcove_2, fedhas_altar_1,
          serial_shops, nicolae_lakefront_shop, uniq_crazy_yiuf_cottage,
          uniq_sigmund, uniq_robin
D:4:      old_forge, layout_basic, nemelex_diamond_rough_becter

Skill      XL: |  1  2  3  4  5  6 |
---------------+-------------------+-----
Stealth        | 2 3 4 |  4.6
Dodging        | 3 4 |  4.6
Fighting       | 2 3 |  3.8
Ranged Weapons | 5 |  5.9

Action                   |  1- 3 |  4- 6 || total
-------------------------+-------+-------++-------
Melee: Quarterstaff      |       |     5 ||     5
       Shortbow          |       |     1 ||     1
 Fire: Shortbow          |   124 |   183 ||   307
  Use: Scroll            |       |     6 ||     6
Armor: Robe              |     6 |     4 ||    10
Dodge: Dodged            |    32 |    58 ||    90

Table legend: (Time is in decaauts)
 A = Elapsed time spent in this place.
 B = Non-inter-level travel time spent in this place.
 C = Inter-level travel time spent in this place.
 D = Time resting spent in this place.
 E = Time spent auto-exploring this place.
 F = Levels seen in this place.
 G = Mean time per level.
                   A        B        C        D        E       F      G
               +--------+--------+--------+--------+--------+-----+--------+
         Total |   4813 |   4710 |    103 |   2261 |   1735 |   4 | 1203.2 |
       Dungeon |   4813 |   4710 |    103 |   2261 |   1735 |   4 | 1203.2 |
               +--------+--------+--------+--------+--------+-----+--------+

Top non-repeatable levels by time:
     D:3: 2526 daAuts
     D:2: 1188 daAuts
     D:1: 861 daAuts
     D:4: 237 daAuts
